 Dungeon Crawl Stone Soup version 0.28-a0-511-gcc94558de3 (webtiles) character file.

Game seed: 13296340064282310080

19750 Squid the Fighter (level 12, -4/112 HPs)
             Began as a Minotaur Berserker on Sept 21, 2021.
             Was a High Priest of Trog.
             Slain by a mana viper (9 damage)
             ... summoned by Vuxku's ghost
             ... on level 13 of the Dungeon.
             The game lasted 00:24:47 (14640 turns).

Squid the Fighter (Minotaur Berserker)             Turns: 14640, Time: 00:24:48

Health: -4/112     AC: 20    Str: 38    XL:     12   Next: 39%
Magic:  0/11       EV: 13    Int:  4    God:    Trog [*****.]
Gold:   609        SH:  0    Dex: 13    Spells: 11/11 levels left

rFire   + + .      SeeInvis .   v - +4 great mace of Inference {vorpal, rF+ Dex+2}
rCold   + . .      Faith    .   (shield currently unavailable)
rNeg    . . .      Spirit   +   r - +1 plate armour
rPois   .          Reflect  .   a - +1 hat
rElec   .          Harm     .   l - scarf {rC+ rF+}
rCorr   .          Rampage  .   (no gloves)
Will    .....      Clarity  +   f - +1 pair of boots
Stlth   ..........              p - amulet of guardian spirit
HPRegen 0.00/turn               d - +6 ring of strength
MPRegen 0.12/turn               o - +6 ring of strength

@: lethally poisoned (-4 -> -8), flayed, on berserk cooldown, inhibited regen,
slowed, very slow
A: horns 2, retaliatory headbutt, clarity, shaggy fur 1, inhibited regeneration
a: Renounce Religion, Berserk, Trog's Hand, Brothers in Arms


You were on level 13 of the Dungeon.
You worshipped Trog.
Trog was extremely pleased with you.
You visited 1 branch of the dungeon, and saw 13 of its levels.

You collected 609 gold pieces.

Inventory:

Hand Weapons
 v - the +4 great mace of Inference (weapon) {vorpal, rF+ Dex+2}
   (Trog gifted it to you on level 12 of the Dungeon)

   It inflicts extra damage upon your enemies.
   Dex:       It affects your dexterity (+2).
   rF:        It protects you from fire.
Armour
 a - a +1 hat (worn)
 f - a +1 pair of boots (worn)
 l - a scarf of resistance (worn)
 r - a +1 plate armour (worn)
Jewellery
 d - a +6 ring of strength (left hand)
 o - a +6 ring of strength (right hand)
 p - an amulet of guardian spirit (around neck)
Wands
 e - a wand of iceblast (16)
 j - a wand of polymorph (15)
 m - a wand of paralysis (17)
 q - a wand of flame (21) (quivered)
Scrolls
 g - 8 scrolls of identify
 i - 4 scrolls of magic mapping
 n - 4 scrolls of teleportation
 u - a scroll of fog
Potions
 b - 2 potions of curing
 c - 4 potions of flight
 h - a potion of magic
 s - a potion of heal wounds
 t - 2 potions of mutation


   Skills:
 + Level 12.2 Fighting
 - Level 3.3 Short Blades
 - Level 3.9(8.0) Axes
 + Level 10.9(11.2) Maces & Flails
 + Level 11.8 Armour
 + Level 10.9 Dodging
 + Level 8.9 Shields


You had 11 spell levels left.
You didn't know any spells.
Your spell library was empty.

Dungeon Overview and Level Annotations

Branches:
Dungeon (13/15)            Temple (0/1) D:4            Lair (0/6) D:11
    Orc (0/2) D:9
 Vaults: D:13-14

Altars:
Elyvilon
Okawaru
Sif Muna
Trog
Vehumet
Wu Jian
Yredelemnul
Beogh

Portals:
Trove: D:11 (give +2 shadow dragon scales)

Annotations:
D:13 Vuxku's ghost, journeyman SpEn


Innate Abilities, Weirdness & Mutations

You have a pair of horns on your head.
You reflexively headbutt those who attack you in melee.
You possess an exceptional clarity of mind.
You are covered in fur. (AC +1)
You do not regenerate when monsters are visible.


Message History

The mana viper bites you but does no damage.
You feel sick.
The flayed ghost stares at you with tortured malice.
Terrible wounds spread across more of your body!
* * * LOW HITPOINT WARNING * * *
The mana viper barely misses you. Vuxku's ghost completely misses you.
You furiously retaliate!
You headbutt Vuxku's ghost.
You feel sick. Vuxku's ghost misses you. You furiously retaliate!
You headbutt Vuxku's ghost!
You feel sick. The mana viper bites you.
* * * LOW HITPOINT WARNING * * *
You feel your power leaking away.
The flayed ghost cries, "Suffer as I suffered!"
Terrible wounds spread across more of your body!
* * * LOW HITPOINT WARNING * * *
The mana viper barely misses you. The mana viper closely misses you.
Vuxku's ghost casts a spell.
Vuxku's ghost blinks!
You feel sick.
You are no longer poisoned.
The mana viper bites you but does no damage. x2
The mana viper barely misses you. Vuxku's ghost barely misses you.
The flayed ghost cries, "Suffer as I suffered!"
Terrible wounds spread across more of your body!
* * * LOW HITPOINT WARNING * * *
Vuxku's ghost hits you but does no damage.
You are poisoned.
There is a transporter, spattered with blood here.
You enter the transporter and appear at another place.
* * * LOW HITPOINT WARNING * * *
You feel very sick.
The mana viper disappears in a puff of smoke!
The mana viper bites you but does no damage.
The mana viper misses you.
Vuxku's ghost casts a spell.
Vuxku's ghost blinks!
* * * LOW HITPOINT WARNING * * *
You feel sick. The mana viper bites you!
You die...

#####.###....# #
#............##.##
#................#
...#############..
#..#...........#.# #
#..#...........#.# .#
#..#..###.###..#.##W#
...#..#8#.#8#.$#....#
...#..........(#@..#
##
..©#.....©....S#S§.#
####.
#..#.W........(#§.##
#....
##.#..#8#)#8#.$#.##
#.##.
...#..###.###W.#.#####
#.
...#...........#......
#. ##.#..........©#.#
# #.
##.#############.#
#.##.
#................#
#....


You could see a flayed ghost, 2 mana vipers and Vuxku's ghost.

Vanquished Creatures
  A hydra (D:12)
  A death knight (D:13)
  A two-headed ogre (D:13)
  The ghost of Sargento the Carver, a novice MiBe of Trog (D:7)
  A skeletal warrior (D:13)
  A spectral wolf spider (D:13)
  A phantasmal warrior (D:13)
  Pikel (D:6)
  2 ugly things (D:13)
  2 cyclopes
  A spectral centaur (D:13)
  A black mamba (shapeshifter) (D:13)
  Maurice (D:13)
  A gargoyle (D:10)
  An efreet (D:11)
  Psyche (D:11)
  3 komodo dragons
  A troll (D:8)
  A meliai (D:8)
  2 hornets
  A wolf spider simulacrum (D:13)
  Prince Ribbit (D:6)
  A meliai zombie (D:11)
  A centaur simulacrum (D:13)
  A shadow (D:8)
  Sigmund (D:6)
  2 wyverns
  2 wraiths
  3 fire elementals (D:12)
  13 yaks
  A steam dragon (D:7)
  2 vampire mosquitoes (D:13)
  Edmund (D:4)
  4 water moccasins
  An ice beast (D:6)
  4 sky beasts
  2 black bears
  10 orc warriors
  2 ogres
  A necrophage (D:6)
  9 centaurs
  A lemure (D:6)
  Blork the orc (D:6)
  2 kobold brigands (D:8)
  4 bullfrogs
  4 scorpions
  15 killer bees
  6 wights
  3 howler monkeys
  4 lava snakes (D:12)
  3 centaur zombies
  12 orc priests
  A hound (D:5)
  A jelly (D:8)
  A centaur skeleton (D:6)
  3 gnoll shamans
  6 iguanas
  Terence (D:3)
  10 orc wizards
  A killer bee zombie (D:6)
  13 gnolls
  6 adders
  A shadow imp (D:6)
  2 white imps
  A worm (D:4)
  4 dart slugs
  50 orcs
  5 endoplasms
  2 giant cockroaches
  5 goblins
  8 hobgoblins
  8 jackals
  2 quokkas
  5 ball pythons
  5 bats
  4 frilled lizards
  16 kobolds
  2 rats
306 creatures vanquished.

Vanquished Creatures (others)
  20 fungi (D:11)
  17 plants (D:11)
37 creatures vanquished.

Grand Total: 343 creatures vanquished

Notes
Turn   | Place    | Note
-------+----------+-------------------------------------------
     0 | D:1      | Squid the Minotaur Berserker began the quest for the Orb.
     0 | D:1      | Reached XP level 1. HP: 19/19 MP: 0/0
   198 | D:1      | Reached XP level 2. HP: 27/27 MP: 1/1
   256 | D:1      | Reached skill level 4 in Fighting
   608 | D:1      | Reached XP level 3. HP: 31/33 MP: 2/2
   903 | D:1      | Found a faded altar of an unknown god.
  1142 | D:2      | Reached skill level 1 in Short Blades
  1708 | D:2      | Reached XP level 4. HP: 38/41 MP: 3/3
  2172 | D:3      | Noticed Terence
  2188 | D:3      | Killed Terence
  2188 | D:3      | Reached ** piety under Trog
  2484 | D:3      | Found a white marble altar of Elyvilon.
  2832 | D:3      | Reached XP level 5. HP: 47/47 MP: 4/4
  2971 | D:4      | Reached skill level 5 in Fighting
  2972 | D:4      | Found a staircase to the Ecumenical Temple.
  3134 | D:4      | Reached XP level 6. HP: 41/56 MP: 5/5
  3304 | D:4      | Found a radiant altar of Vehumet.
  3304 | D:4      | Found an ornate altar of the Wu Jian Council.
  3312 | D:4      | Found an iron altar of Okawaru.
  3314 | D:4      | Found a shimmering blue altar of Sif Muna.
  3316 | D:4      | Found a faded altar of an unknown god.
  3442 | D:4      | Found a basalt altar of Yredelemnul.
  3581 | D:4      | Noticed Edmund
  3592 | D:4      | Killed Edmund
  3845 | D:5      | Entered Level 5 of the Dungeon
  3870 | D:5      | Noticed a sky beast
  3877 | D:5      | Killed a sky beast
  3878 | D:5      | Reached skill level 1 in Maces & Flails
  3878 | D:5      | Reached XP level 7. HP: 56/62 MP: 6/6
  3930 | D:5      | Reached skill level 5 in Armour
  4077 | D:5      | Reached skill level 6 in Fighting
  4309 | D:5      | Reached skill level 5 in Dodging
  4451 | D:5      | Reached XP level 8. HP: 46/71 MP: 7/7
  4940 | D:5      | Reached *** piety under Trog
  5073 | D:6      | Reached skill level 7 in Fighting
  5089 | D:6      | Identified the +1 scale mail of Knowledge {Will+ Regen+
                  | Dex+4}
  5153 | D:6      | Noticed Prince Ribbit
  5164 | D:6      | Killed Prince Ribbit
  5272 | D:6      | Noticed Blork the orc
  5278 | D:6      | Reached skill level 5 in Maces & Flails
  5284 | D:6      | Killed Blork the orc
  5454 | D:6      | Noticed Sigmund
  5460 | D:6      | Killed Sigmund
  5461 | D:6      | Reached skill level 8 in Fighting
  5461 | D:6      | Reached XP level 9. HP: 81/81 MP: 8/8
  5633 | D:6      | Noticed Pikel
  5641 | D:6      | Killed Pikel
  5825 | D:6      | Found a bloodstained altar of Trog.
  5974 | D:7      | Found a runed translucent gate.
  5974 | D:7      | Found a runed translucent gate.
  5976 | D:7      | Found a runed translucent gate.
  5977 | D:7      | Noticed Sargento's ghost (novice MiBe)
  5980 | D:7      | Identified the +1 chain mail of Ahif {Stlth+}
  5997 | D:7      | Reached skill level 1 in Shields
  6001 | D:7      | Killed Sargento's ghost
  6002 | D:7      | Reached skill level 9 in Fighting
  6588 | D:7      | Reached XP level 10. HP: 91/91 MP: 9/9
  6692 | D:7      | Reached **** piety under Trog
  6801 | D:7      | Identified the +0 pair of boots "Ziwakica" {Harm rF- rN+}
  7714 | D:8      | Noticed a cyclops
  7728 | D:8      | Killed a cyclops
  7821 | D:8      | Reached skill level 10 in Fighting
  7824 | D:8      | Reached skill level 5 in Shields
  8563 | D:8      | Gained mutation: You do not regenerate when monsters are
                  | visible. [potion of mutation]
  8563 | D:8      | Gained mutation: You are covered in fur. (AC +1) [potion of
                  | mutation]
  8563 | D:8      | Gained mutation: You possess an exceptional clarity of
                  | mind. [potion of mutation]
  9378 | D:9      | Found a staircase to the Orcish Mines.
  9430 | D:9      | Reached skill level 10 in Armour
  9430 | D:9      | Reached XP level 11. HP: 94/101 MP: 10/10
  9438 | D:9      | Reached ***** piety under Trog
  9534 | D:9      | Paralysed by a hornet for 2 turns
 10139 | D:9      | Found the +3 giant club "Skullcrusher" {speed, Str+7}
 10259 | D:10     | Entered Level 10 of the Dungeon
 11539 | D:11     | Found a staircase to the Lair.
 11562 | D:11     | Reached skill level 11 in Fighting
 12130 | D:11     | Noticed Psyche
 12145 | D:11     | Killed Psyche
 12150 | D:11     | Reached skill level 10 in Dodging
 12637 | D:11     | Found a portal to a secret trove of treasure.
 12826 | D:12     | Reached skill level 10 in Maces & Flails
 12928 | D:12     | Noticed a five-headed hydra
 12936 | D:12     | Killed a five-headed hydra
 13255 | D:12     | Identified the +4 great mace of Inference {vorpal, rF+
                  | Dex+2} (Trog gifted it to you on level 12 of the Dungeon)
 13255 | D:12     | Received a gift from Trog
 13420 | D:13     | Found a transporter.
 13420 | D:13     | Noticed Vuxku's ghost (journeyman SpEn)
 13420 | D:13     | Noticed a phantasmal warrior
 13433 | D:13     | Killed a phantasmal warrior
 13434 | D:13     | Noticed a mana viper
 13434 | D:13     | Noticed a mana viper
 13434 | D:13     | Noticed a mana viper
 13435 | D:13     | Noticed a skeletal warrior
 13435 | D:13     | Noticed a flayed ghost
 13448 | D:13     | Noticed a cyan ugly thing
 13454 | D:13     | Killed a cyan ugly thing
 13455 | D:13     | Reached XP level 12. HP: 29/108 MP: 2/11
 14099 | D:13     | Reached skill level 12 in Fighting
 14559 | D:13     | Noticed Maurice
 14565 | D:13     | Killed Maurice
 14585 | D:13     | Found a transporter.
 14640 | D:13     | HP: 5/112 [poisoned by Vuxku's ghost]
 14640 | D:13     | Slain by a mana viper

Illustrated notes

Levels and vault maps discovered:
D:1:      lightli_arrival_statue_moat, layout_rooms,
          hellmonk_ecumenical_altar_heavens_door, serial_curves, eino_curves_01,
          eino_curves_03
D:2:      layout_basic
D:3:      layout_basic, general_overflow_altar, bh_walls_and_bars, uniq_terence
D:4:      layout_rooms, mainiacjoe_overflow_catwalk,
          chequers_temple_overflow_minitemple, minmay_temple_entry_slanted,
          grunt_ministairs_6, eino_small_chamber_without_monster,
          lemuel_old_faithful, uniq_edmund
D:5:      layout_basic
D:6:      layout_loops_cross, trog_book, chequers_mini_garden,
          uniq_blork_the_orc, uniq_prince_ribbit1, uniq_pikel, uniq_sigmund
D:7:      layout_rooms, biasface_ghost_orc_armoury
D:8:      minmay_blocky_corners, layout_basic, hangedman_abyss_or_decor_passed
D:9:      layout_small_grid, david_orc_4
D:10:     layout_roguey
D:11:     layout_stronghold, due_lair_maze_entry_diamond,
          nicolae_trove_entry_columns, uniq_psyche
D:12:     erik_rubicon_a, layout_irregular_city
D:13:     layout_loops_corners, gammafunk_ghost_mausoleum, uniq_maurice

Skill      XL: |  1  2  3  4  5  6  7  8  9 10 11 12 |
---------------+-------------------------------------+-----
Fighting       | 4 5 6 8 9 10 11 12 | 12.2
Short Blades   | 1 2 3 |  3.3
Armour         | 3 4 5 7 8 10 11 | 11.8
Dodging        | 3 4 5 6 8 9 10 | 10.9
Maces & Flails | 1 3 5 7 8 10 | 10.9
Shields        | 3 5 8 |  8.9
Axes           | |  3.9

Action                   |  1- 3 |  4- 6 |  7- 9 | 10-12 || total
-------------------------+-------+-------+-------+-------++-------
Melee: Hand axe          |    15 |       |       |       ||    15
       Headbutt          |    13 |    29 |    32 |    98 ||   172
       Short sword       |    66 |   133 |       |       ||   199
       Flail             |       |     4 |   152 |   329 ||   485
       Great mace        |       |       |       |    55 ||    55
Invok: Berserk           |       |     4 |     4 |    13 ||    21
       Trog's Hand       |       |     1 |     1 |     3 ||     5
Evoke: Wand              |       |       |       |     1 ||     1
  Use: Scroll            |     3 |     4 |     4 |     5 ||    16
       Potion            |       |     4 |       |     5 ||     9
 Stab: Sleeping          |     1 |       |       |       ||     1
Armor: Animal skin       |    13 |       |       |       ||    13
       Scale mail        |     6 |     6 |       |       ||    12
       Chain mail        |       |    65 |   114 |    92 ||   271
       Plate armour      |       |       |       |   187 ||   187
Dodge: Dodged            |    50 |    46 |    92 |   238 ||   426
       Repelled          |       |       |       |     1 ||     1
Block: Buckler           |     3 |     9 |    23 |    90 ||   125

Table legend: (Time is in decaauts)
 A = Elapsed time spent in this place.
 B = Non-inter-level travel time spent in this place.
 C = Inter-level travel time spent in this place.
 D = Time resting spent in this place.
 E = Time spent auto-exploring this place.
 F = Levels seen in this place.
 G = Mean time per level.
                   A        B        C        D        E       F      G
               +--------+--------+--------+--------+--------+-----+--------+
         Total |  14781 |  14438 |    343 |   3638 |   8899 |  13 | 1137.0 |
       Dungeon |  14781 |  14438 |    343 |   3638 |   8899 |  13 | 1137.0 |
               +--------+--------+--------+--------+--------+-----+--------+

Top non-repeatable levels by time:
     D:8: 1656 daAuts
     D:9: 1522 daAuts
    D:11: 1413 daAuts
    D:13: 1258 daAuts
     D:5: 1250 daAuts
     D:7: 1189 daAuts
    D:10: 1148 daAuts
     D:3: 1015 daAuts
     D:4: 951 daAuts
     D:1: 946 daAuts
     D:6: 922 daAuts
     D:2: 917 daAuts
    D:12: 590 daAuts
